 Dungeon Crawl Stone Soup version 0.14.1-24-gbdbe590 (webtiles) character file.

3012 Kae the Conjurer (level 9, -13/45 HPs)
             Began as a Tengu Fire Elementalist on June 16, 2014.
             Was a Follower of Vehumet.
             Mangled by a goliath beetle (24 damage)
             ... on Level 7 of the Dungeon.
             The game lasted 00:15:34 (8647 turns).

Kae the Conjurer (Tengu Fire Elementalist)          Turns: 8647, Time: 00:15:34

HP -13/45        AC  8     Str  8      XL: 9   Next: 71%
MP  13/23        EV 13     Int 18      God: Vehumet [*.....]
Gold 222         SH  0     Dex 16      Spells:  5 memorised,  4 levels left

rFire  . . .     SeeInvis .     y - +1 trident (protect)
rCold  . . .     Clarity  .     a - +1 robe
rNeg   . . .     Conserve .     (no shield)
rPois  .         rCorr    .     (helmet restricted)
rElec  .         rRot     .     (no cloak)
SustAb . .       Spirit   .     (no gloves)
rMut   .         Warding  .     (boots unavailable)
Saprov . . .     Stasis   .     (no amulet)
MR     .....                    (no ring)
                                (no ring)

@: not resistant to hostile enchantments, fairly stealthy
A: able to fly, beak, talons 3
a: Fly, Renounce Religion


You were on level 7 of the Dungeon.
You worshipped Vehumet.
Vehumet was aware of your devotion.
You were not hungry.

You visited 2 branches of the dungeon, and saw 8 of its levels.

You collected 222 gold pieces.

Inventory:

Hand weapons
 g - a +1,+4 short sword
 y - a +1,+1 trident of protection (weapon)
Missiles
 j - 7 poisoned javelins (quivered)
Armour
 a - a +1 robe (worn)
Comestibles
 c - 8 bread rations
 f - 2 apples
 m - 2 pears
 p - a choko
 r - 11 cheeses
 w - 2 beef jerkies
 z - 14 strawberries
 B - a snozzcumber
 I - 4 chunks of yak flesh
Scrolls
 h - 5 scrolls of remove curse
 k - 2 scrolls of recharging
 l - a scroll of enchant weapon II {unknown}
 q - a scroll of identify
 t - a scroll of magic mapping
 u - a scroll of teleportation
 v - a scroll of enchant armour
 A - a scroll of fog
 C - a scroll of enchant weapon III {unknown}
 G - a scroll of amnesia
Jewellery
 o - an uncursed ring of protection from cold {unknown}
 x - a cursed -2,-3 ring of slaying {unknown}
 E - an uncursed ring of wizardry {unknown}
Potions
 d - a potion of paralysis
 e - a potion of lignification {unknown}
 i - a potion of confusion {unknown}
 n - 2 potions of resistance {unknown}
 s - 2 potions of brilliance {unknown}
 D - 2 potions of invisibility {unknown}
 F - 2 potions of curing {unknown}
 H - 2 potions of degeneration {unknown}
Books
 b - a book of Flames

   Spells                             Type                      Level
   *Flame Tongue                      Conjuration/Fire             1
   *Throw Flame                       Conjuration/Fire             2
   *Conjure Flame                     Conjuration/Fire             3
   Inner Flame                        Hexes/Fire                   3
   *Sticky Flame                      Conjuration/Fire             4
   *Fireball                          Conjuration/Fire             5


   Skills:
 - Level 2.1 Dodging
 - Level 2.0 Stealth
 + Level 5.5 Spellcasting
 * Level 10.8 Conjurations
 * Level 9.6 Fire Magic


You had 4 spell levels left.
You knew the following spells:

 Your Spells              Type           Power        Failure   Level  Hunger
a - Flame Tongue          Conj/Fire      #####        1%          1    None
b - Throw Flame           Conj/Fire      #####.       1%          2    None
c - Conjure Flame         Conj/Fire      #####...     1%          3    ###....
d - Sticky Flame          Conj/Fire      #####...     1%          4    ####...
e - Fireball              Conj/Fire      #####.....   6%          5    #####..


Dungeon Overview and Level Annotations

Branches:
Dungeon (7/15)             Temple (1/1) D:5

Altars:
Kikubaaqudgha
Trog
Vehumet
Xom
Zin

Shops:
D:5 :


Innate Abilities, Weirdness & Mutations

You can fly.
You have a beak for a mouth.
You have claws for feet.


Message History

The goliath beetle is almost dead.
The goliath beetle bites you!
* * * LOW HITPOINT WARNING * * *
Casting: Flame Tongue
Confirm with . or Enter, or press ? or * to list all spells.
Aiming: Flame Tongue
Press: ? - help, Shift-Dir - straight line, f/p - goliath beetle
Aim: a goliath beetle (almost dead)
The flame tongue hits the goliath beetle.
The goliath beetle is almost dead.
Casting: Flame Tongue
Confirm with . or Enter, or press ? or * to list all spells.
Aiming: Flame Tongue
Press: ? - help, Shift-Dir - straight line, f/p - goliath beetle
Aim: a goliath beetle (almost dead)
The flame tongue hits the goliath beetle.
The goliath beetle is almost dead.
The goliath beetle bites you!
Ouch! That really hurt!
You die...

.#...............###............#
...^....................##%+#....
..<.....................##.......
........................###%#####
.......................####).#..#
....?.....................#..#..#
$..................########..'..#
.....................# #..#..#
....!. ........@....# #..#..# ...
........B....# #######
............... ..........#####
........... ..........#
.........# ........# ...


You could see a goliath beetle.

Vanquished Creatures
  A human (D:7)
  A deep elf mage (D:7)
  3 yaks (D:7)
  A hog (D:7)
  2 sky beasts (D:5)
  An ogre (D:5)
  2 ice beasts (D:6)
  3 orc warriors
  A giant frog (D:6)
  2 scorpions
  A crimson imp (D:7)
  A giant frog zombie (D:3)
  A quasit (D:5)
  A giant frog skeleton (D:6)
  4 hounds
  2 jellies
  2 orc priests (D:5)
  3 iguanas
  2 worker ants
  9 orc wizards
  6 adders
  8 gnolls
  A giant mite (D:4)
  3 worms
  An iguana skeleton (D:7)
  An adder skeleton (D:4)
  3 giant geckos
  An ooze (D:1)
  21 orcs
  5 giant cockroaches
  9 goblins
  9 hobgoblins
  13 jackals
  8 kobolds
  A quokka (D:3)
  3 ball pythons
  12 bats
  8 giant newts
  A goblin skeleton (D:5)
  A hobgoblin skeleton (D:6)
  An orc skeleton (D:4)
  41 rats
200 creatures vanquished.

Notes
Turn   | Place    | Note
--------------------------------------------------------------
     0 | D:1      | Kae, the Tengu Fire Elementalist, began the quest for the Orb.
     0 | D:1      | Reached XP level 1. HP: 10/10 MP: 3/3
     2 | D:1      | Noticed a formicid
     2 | D:1      | Noticed a spriggan
     4 | D:1      | Noticed a draconian
     4 | D:1      | Noticed a felid
     6 | D:1      | Noticed an elf
     6 | D:1      | Noticed a gargoyle
     8 | D:1      | Noticed an ogre
    10 | D:1      | Noticed a minotaur
    10 | D:1      | Noticed an octopode
    12 | D:1      | Noticed a demonspawn
    14 | D:1      | Noticed a tengu
    16 | D:1      | Noticed a demigod
    16 | D:1      | Noticed a centaur
    18 | D:1      | Noticed a ghoul
    18 | D:1      | Noticed a merfolk
    20 | D:1      | Noticed a dwarf
    22 | D:1      | Noticed a vampire
    22 | D:1      | Noticed a human
    24 | D:1      | Noticed a naga
    24 | D:1      | Noticed a troll
    26 | D:1      | Noticed a vine stalker
   406 | D:1      | Reached XP level 2. HP: 15/15 MP: 5/5
  1121 | D:2      | Reached XP level 3. HP: 15/19 MP: 7/7
  1552 | D:2      | Reached skill level 4 in Fire Magic
  2046 | D:3      | Reached XP level 4. HP: 18/24 MP: 6/9
  2376 | D:2      | Reached XP level 5. HP: 5/28 MP: 4/11
  2963 | D:3      | Reached skill level 5 in Fire Magic
  3420 | D:4      | Learned a level 2 spell: Throw Flame
  3424 | D:4      | Learned a level 3 spell: Conjure Flame
  3485 | D:4      | Reached skill level 5 in Conjurations
  3485 | D:4      | Reached XP level 6. HP: 32/32 MP: 5/13
  3548 | D:4      | Learned a level 4 spell: Sticky Flame
  3727 | D:4      | Noticed an orc warrior
  3810 | D:4      | Killed an orc warrior
  4270 | D:4      | Reached XP level 7. HP: 36/36 MP: 9/16
  4362 | D:4      | Reached skill level 6 in Conjurations
  4700 | D:5      | Entered Level 5 of the Dungeon
  4845 | D:5      | Found Gevimpac's Book Boutique.
  4917 | D:5      | Reached skill level 7 in Conjurations
  4976 | D:5      | Reached XP level 8. HP: 41/41 MP: 14/19
  5569 | D:5      | HP: 2/41 [orc wizard/magic dart (8)]
  5974 | D:5      | Reached skill level 8 in Conjurations
  6113 | D:5      | Found a staircase to the Ecumenical Temple.
  6295 | Temple   | Entered the Ecumenical Temple
  6380 | Temple   | Became a worshipper of Vehumet
  7007 | D:6      | Reached skill level 9 in Conjurations
  7458 | D:6      | Reached XP level 9. HP: 37/45 MP: 20/22
  7667 | D:7      | Learned a level 5 spell: Fireball
  8299 | D:7      | Reached skill level 5 in Spellcasting
  8301 | D:7      | Reached skill level 10 in Conjurations
  8467 | D:7      | Acquired Vehumet's first power
  8467 | D:7      | Offered knowledge of Sting by Vehumet.
  8647 | D:7      | Mangled by a goliath beetle

Action                   |  1- 3 |  4- 6 |  7- 9 || total
-------------------------+-------+-------+-------++-------
Melee: Unarmed           |     3 |       |       ||     3
       Short sword       |    68 |    89 |       ||   157
       Trident           |       |       |   226 ||   226
 Cast: Flame Tongue      |    25 |    78 |   133 ||   236
       Conjure Flame     |       |     3 |     8 ||    11
       Throw Flame       |       |     5 |    29 ||    34
       Sticky Flame      |       |       |    10 ||    10
  Use: Scroll            |     4 |       |     8 ||    12
       Potion            |       |       |     3 ||     3
 Stab: Sleeping          |     3 |     5 |     4 ||    12
       Distracted        |     1 |       |       ||     1
